 Dungeon Sprint DCSS version 0.30-a0-824-g6c64550be9 (webtiles) character file.

Game seed: 1670875951240633242

286 rocky1 the Cudgeller (level 6, -7/62 HPs)
             Began as a Naga Fighter on Feb 28, 2023.
             Was an Initiate of Cheibriados.
             Mangled by a wraith (10 damage)
             ... in the Dungeon (Sprint IX: "|||||||||||||||||||||||||||||").
             The game lasted 00:01:47 (826 turns).

rocky1 the Cudgeller (Naga Fighter)                  Turns: 826, Time: 00:01:47

Health: -7/62      AC: 14    Str: 24    XL:     6   Next: 30%
Magic:  6/8        EV:  7    Int: 12    God:    Cheibriados [......]
Gold:   0          SH:  5    Dex: 12    Spells: 5/5 levels left

rFire   . . .      SeeInvis +    a - +0 flail
rCold   . . .      Faith    .    c - +0 buckler
rNeg    . . .      Spirit   .    o - +2 ring mail
rPois   +          Reflect  .    n - +0 helmet
rElec   .          Harm     .    (no cloak)
rCorr   .          Rampage  .    (no gloves)
Will    .....      NoTele   +    m - +0 barding
Stlth   +                        (no amulet)
HPRegen 0.30/turn                p - +3 ring of strength
MPRegen 0.11/turn                q - +3 ring of intelligence

@: on berserk cooldown, slowed, invisible, very slow
A: AC +2, large, see invisible, deformed body, poison resistance, slowness 2,
spit poison 1, naga tail 1
a: Spit Poison, Renounce Religion


You were in the Dungeon.
You worshipped Cheibriados.
Cheibriados was noncommittal.
You visited 1 branch

Inventory:

Hand Weapons
 a - a +0 flail (weapon)
Armour
 b - a +0 scale mail
 c - a +0 buckler (worn)
 m - a +0 barding (worn)
 n - a +0 helmet (worn)
 o - a +2 ring mail (worn)
Jewellery
 p - a +3 ring of strength (left hand)
 q - a +3 ring of intelligence (right hand)
Wands
 l - a wand of roots (10)
Scrolls
 j - 2 scrolls of blinking
 k - 2 scrolls of amnesia
Potions
 f - 4 potions of curing
 g - a potion of haste
 h - 4 potions of magic


   Skills:
 + Level 5.8 Fighting
 + Level 6.6 Maces & Flails
 + Level 6.2 Armour
 + Level 2.1 Dodging
 + Level 5.4 Shields
 * Level 3.6 Invocations


You had 5 spell levels left.
You didn't know any spells.
Your spell library was empty.

Dungeon Overview and Level Annotations

Branches:
Dungeon (1/1)

Altars:
Cheibriados
Dithmenos
Elyvilon
Fedhas
Gozag
Hepliaklqana
Kikubaaqudgha
Makhleb
Nemelex Xobeh
Okawaru
Qazlal
Ru
Sif Muna
Trog
Uskayaw
Vehumet
Wu Jian
Xom
Yredelemnul
Zin
The Shining One
Jiyva
Lugonu


Innate Abilities, Weirdness & Mutations

Your serpentine skin is tough. (AC +2)
You have supernaturally acute eyesight. (SInv)
Armour fits poorly on your strangely shaped body.
Your system is resistant to poisons. (rPois)
You cover ground very slowly.
You can spit poison.
You have a snake-like lower body.


Message History

Press: ? - help, Shift-Dir - straight line, f - wyvern
Aim: a wyvern (59% to hit)
The splash of poison hits the wraith but does no damage.
The wraith is lightly damaged.
The wraith hits you but does no damage.
Unknown command.
You barely miss the wraith.
The wraith is lightly damaged.
The wraith hits you! The wraith drains your vigour!
You feel as though you will be slow longer.
The orc priest invokes the aid of Beogh against you.
Beogh smites you!
* * * LOW HITPOINT WARNING * * *
The wraith hits you.
* * * LOW HITPOINT WARNING * * *
The wraith drains your vigour!
You feel as though you will be slow longer.
You feel much better. The wraith hits you.
The wraith hits you but does no damage.
You fade into invisibility!
The wraith closely misses you.
You hit the wraith but do no damage.
The wraith is lightly damaged.
You have got your breath back.
The wraith hits you. The wraith drains your vigour!
You feel as though you will be slow longer.
The orc priest invokes the aid of Beogh against you.
Beogh smites you!
* * * LOW HITPOINT WARNING * * *
The wraith hits you!
* * * LOW HITPOINT WARNING * * *
The wraith drains your vigour!
You feel as though you will be slow longer.
You barely miss the wraith.
The wraith is lightly damaged.
The wraith hits you but does no damage.
You sock the wraith!
The wraith is moderately damaged.
The wraith hits you!
You die...

▓.▓
▓.▓
▓o▓
▓x▓
▓o▓
▓l▓
▓W▓
▓@▓
▓.▓
▓.▓
▓.▓
▓.▓
▓.▓
▓)▓
▓.▓
▓.▓


You could see an unseen horror (invisible), a wraith, an orc warrior (unable to
see you), a wyvern (unable to see you) and an orc priest (unable to see you).

Vanquished Creatures
  A wraith (D)
  A centaur (D)
  An iguana (D)
  2 adders (D)
  2 ball pythons (D)
  2 quokkas (D)
  A bat (D)
  A goblin (D)
11 creatures vanquished.

Notes
Turn   | Place    | Note
-------+----------+-------------------------------------------
     0 | D        | rocky1 the Naga Fighter began the quest for the Orb.
     0 | D        | Reached XP level 1. HP: 21/21 MP: 1/1
    38 | D        | Noticed a centaur
    38 | D        | Noticed an iguana
    43 | D        | Reached XP level 2. HP: 25/30 MP: 2/2
    50 | D        | Reached XP level 3. HP: 19/36 MP: 3/3
    62 | D        | Killed a centaur
    63 | D        | Reached skill level 5 in Fighting
    63 | D        | Reached skill level 5 in Maces & Flails
    63 | D        | Reached skill level 5 in Armour
    63 | D        | Reached skill level 1 in Dodging
    63 | D        | Reached XP level 4. HP: 7/46 MP: 4/4
    63 | D        | Reached XP level 5. HP: 8/52 MP: 5/5
   625 | D        | Found a snail-covered altar of Cheibriados.
   625 | D        | Found a shadowy altar of Dithmenos.
   625 | D        | Found a white marble altar of Elyvilon.
   625 | D        | Found a blossoming altar of Fedhas.
   625 | D        | Found an opulent altar of Gozag.
   626 | D        | Found a hazy altar of Hepliaklqana.
   627 | D        | Found a viscous altar of Jiyva.
   628 | D        | Found an ancient bone altar of Kikubaaqudgha.
   629 | D        | Found a corrupted altar of Lugonu.
   630 | D        | Found a burning altar of Makhleb.
   631 | D        | Found a sparkling altar of Nemelex Xobeh.
   632 | D        | Found an iron altar of Okawaru.
   633 | D        | Found a stormy altar of Qazlal.
   639 | D        | Became a worshipper of Cheibriados the Contemplative
   645 | D        | Found a sacrificial altar of Ru.
   646 | D        | Found a shimmering blue altar of Sif Muna.
   647 | D        | Found a bloodstained altar of Trog.
   648 | D        | Found a hide-covered altar of Uskayaw.
   649 | D        | Found a radiant altar of Vehumet.
   650 | D        | Found an ornate altar of the Wu Jian Council.
   651 | D        | Found a shimmering altar of Xom.
   652 | D        | Found a basalt altar of Yredelemnul.
   653 | D        | Found a glowing silver altar of Zin.
   654 | D        | Found a glowing golden altar of the Shining One.
   803 | D        | Noticed an unseen horror
   803 | D        | Noticed an orc warrior
   803 | D        | Noticed a wyvern
   803 | D        | Noticed a wraith
   803 | D        | Noticed a wraith
   815 | D        | Killed a wraith
   816 | D        | Reached skill level 5 in Shields
   816 | D        | Reached XP level 6. HP: 16/62 MP: 5/8
   824 | D        | HP: 2/62 [wraith (9)]
   826 | D        | Mangled by a wraith

Illustrated notes

Levels and vault maps discovered:
D:        linesprint [early_d, line_temple, items_1, d_10, items_2, lair_1,
          lair_end, items_3, orc_1, orc_end, items_4, d_15, swamp_1, shoals_1,
          snake_1, spider_1, d_20, vaults_1, items_5, swamp_end, shoals_end,
          snake_end, spider_end, vaults_end, d_27, items_6, zot_1, zot_end,
          crypt_end, forest_end, elf_end, slime_end, tomb_end, abyss_end,
          pan_hell_end]

Skill      XL: |  1  2  3  4  5 |
---------------+----------------+-----
Shields        | 3 4 5 |  5.4
Armour         | 3 5 6 |  6.2
Fighting       | 4 5 |  5.8
Maces & Flails | 5 6 |  6.6
Dodging        | 1 2 |  2.1
Invocations    | 3 |  3.6

Action                     |  1- 3 |  4- 6 || total
---------------------------+-------+-------++-------
  Melee: Flail             |    42 |    18 ||    60
Ability: Spit Poison       |     1 |     1 ||     2
    Use: Potion            |     3 |     4 ||     7
 Armour: Scale mail        |    20 |       ||    20
         Ring mail         |       |     9 ||     9
  Dodge: Dodged            |    19 |     7 ||    26
  Block: Buckler           |    14 |     5 ||    19

Table legend: (Time is in decaauts)
 A = Elapsed time spent in this place.
 B = Non-inter-level travel time spent in this place.
 C = Inter-level travel time spent in this place.
 D = Time resting spent in this place.
 E = Time spent auto-exploring this place.
 F = Levels seen in this place.
 G = Mean time per level.
                   A        B        C        D        E       F      G
               +--------+--------+--------+--------+--------+-----+--------+
         Total |    881 |    881 |      0 |    662 |      0 |   1 |  881.0 |
       Dungeon |    881 |    881 |      0 |    662 |      0 |   1 |  881.0 |
               +--------+--------+--------+--------+--------+-----+--------+

Top non-repeatable levels by time:
       D: 881 daAuts
